 Dungeon Crawl Stone Soup version 0.31-a0-702-gf82c85558f (webtiles) character file.

Game seed: 1201369462965019052

425 Dittersdorf the Covered (level 6, -3/40 HPs)
             Began as a Gargoyle Fighter on Sept 8, 2023.
             Slain by Dowan
             ... wielding a +0 dagger
              (4 damage)
             ... on level 5 of the Dungeon.
             The game lasted 00:04:16 (3281 turns).

Dittersdorf the Covered (Gargoyle Fighter)          Turns: 3281, Time: 00:04:17

Health: -3/40      AC:  4    Str: 21    XL:     6   Next: 96%
Magic:  6/6        EV:  9    Int:  9    God:
Gold:   220        SH: 10    Dex:  9    Spells: 5/5 levels left

rFire   + . .        r - +3 flail (vamp)
rCold   . . .        c - +1 buckler
rNeg    + . .        b - +0 scale mail
rPois   ∞            t - +0 helmet
rElec   +            (no cloak)
rCorr   .            (no gloves)
SInv    .            (no boots)
Will    .....        p - amulet of reflection Stlth
                     o - ring of protection from fire
HPRegen 0.26/turn    (no ring)
MPRegen 0.10/turn

%: reflection
@: corroded
A: sickness immunity, AC +4, negative energy resistance 1, electricity
resistance, torment resistance 1, petrification resistance
a: no special abilities


You were on level 5 of the Dungeon.
You visited 1 branch of the dungeon, and saw 5 of its levels.

You collected 220 gold pieces.

Inventory:

Hand Weapons
 r - a +3 vampiric flail (weapon)
Missiles
 j - 5 poisoned darts (quivered)
Armour
 b - a +0 scale mail (worn)
 c - a +1 buckler (worn)
 l - a +0 plate armour
 t - a +0 helmet (worn)
Jewellery
 o - a ring of protection from fire (left hand)
 p - an amulet of reflection (around neck)
Wands
 m - a wand of paralysis (5)
Scrolls
 f - a scroll of enchant weapon
 h - 4 scrolls of enchant armour
 i - a scroll of teleportation
 n - a scroll of fear
Potions
 a - a potion of heal wounds
 d - a potion of might
 g - a potion of curing
 k - a potion of enlightenment


   Skills:
 + Level 4.9 Fighting
 + Level 3.9 Maces & Flails
 + Level 5.0 Armour
 + Level 5.0 Shields


You had 5 spell levels left.
You didn't know any spells.
Your spell library contained the following spells:

 Spells                   Type           Power      Damage    Failure   Level
 Blink                    Tloc           0%         N/A       89%         2
 Lesser Beckoning         Tloc           0%         N/A       89%         2
 Momentum Strike          Conj/Tloc      0%         3d8       89%         2


Dungeon Overview and Level Annotations

Branches:
Dungeon (5/15)
 Temple: D:4-7

Altars:

Annotations:
D:5 Dowan, Duvessa


Innate Abilities, Weirdness & Mutations

You are immune to sickness and miasma.
Your stone body is resilient. (AC +4)
You are immune to poison.
You resist negative energy. (rN+)
You are resistant to electric shocks. (rElec)
You are resistant to unholy torment.
You are immune to petrification.


Message History

The sleepcap is moderately damaged.
Dowan points at you and mumbles some strange words.
The puff of flame hits you. You resist. Duvessa hits you with a +0 short sword!
The sleepcap releases spores at you but does no damage.
Dowan gestures at you while chanting.
The puff of frost hits you but does no damage.
You hit the sleepcap.
You feel better.
The sleepcap is heavily damaged.
Duvessa says, "When magic and the sword combine, nothing stands against them."
Duvessa closely misses you. The sleepcap releases spores at you.
Dowan hits you but does no damage.
You hit the sleepcap.
You feel better.
The sleepcap is heavily damaged.
You block Duvessa's attack. The sleepcap barely misses you.
Dowan hits you but does no damage.
You hit the sleepcap.
You feel better.
The sleepcap is severely damaged.
You block Duvessa's attack. You block the sleepcap's attack.
The jelly hits you. The acid corrodes you!
You are splashed with acid.
Dowan hits you but does no damage. Duvessa hits you but does no damage.
You hit the sleepcap but do no damage.
The sleepcap is severely damaged.
The sleepcap closely misses you. You block the jelly's attack.
Dowan misses you. Duvessa hits you with a +0 short sword.
The sleepcap releases spores at you but does no damage.
You block the jelly's attack. Dowan barely misses you.
You hit the sleepcap but do no damage.
The sleepcap is severely damaged.
You block Duvessa's attack. You block the jelly's attack.
The sleepcap releases spores at you. You block Dowan's attack.
You hit the sleepcap but do no damage.
The sleepcap is severely damaged.
Duvessa hits you with a +0 short sword!
* * * LOW HITPOINT WARNING * * *
You block the sleepcap's attack. The jelly hits you.
* * * LOW HITPOINT WARNING * * *
The acid corrodes you!
You are splashed with acid!
* * * LOW HITPOINT WARNING * * *
Dowan hits you with a +0 dagger.
You die...

......#.....##.
..
................
.
..#........##..#
#.....##.....##
......#.##......#
...#..#...##....#
.. ##.#....#.....
. #....ef.>....
#...e@J......
#.?..........
###.....##...
....#..# ..
.........
..#..#...... #
#..#....... ...#.
.....#


You could see Duvessa, a sleepcap, Dowan and a jelly.

Vanquished Creatures
  A scorpion (D:4)
  An orc priest (D:4)
  A jelly (D:3)
  A hound (D:4)
  An orc wizard (D:3)
  2 iguanas
  5 adders
  4 gnolls (D:4)
  An ufetubus (D:4)
  A worm (D:2)
  3 dart slugs
  11 orcs
  6 ball pythons
  9 bats
  11 endoplasms
  4 giant cockroaches
  4 goblins
  4 hobgoblins
  6 jackals
  4 quokkas
  A frilled lizard (D:1)
  5 kobolds
  5 rats
91 creatures vanquished.

Notes
Turn   | Place    | Note
-------+----------+-------------------------------------------
     0 | D:1      | Dittersdorf the Gargoyle Fighter began the quest for the
                  | Orb.
     0 | D:1      | Reached XP level 1. HP: 14/14 MP: 1/1
   105 | D:1      | Reached XP level 2. HP: 16/19 MP: 2/2
   220 | D:1      | Found a faded altar of an unknown god.
   729 | D:2      | Reached XP level 3. HP: 21/23 MP: 3/3
  1484 | D:2      | Reached XP level 4. HP: 21/29 MP: 4/4
  1733 | D:3      | Reached XP level 5. HP: 32/33 MP: 5/5
  2472 | D:4      | Reached XP level 6. HP: 39/39 MP: 6/6
  3240 | D:5      | Entered Level 5 of the Dungeon
  3250 | D:5      | Noticed Dowan
  3250 | D:5      | Noticed Duvessa
  3267 | D:4      | Reached skill level 5 in Armour
  3273 | D:4      | Reached skill level 5 in Shields
  3281 | D:5      | HP: 1/40 [acid (8)]
  3281 | D:5      | Slain by Dowan

Illustrated notes

Levels and vault maps discovered:
D:1:      lightli_arrival_flooded_house, layout_loops_cross,
          ebering_ecumenical_altar_webs, minmay_strange_pillars, minivault_24
D:2:      layout_basic, minmay_misc_feat_columns, kennysheep_generic_room_11
D:3:      layout_basic, serial_corexii_hall, chequers_hall_statues_wall_a,
          corexii_hall_statues_deadend
D:4:      layout_basic, minivault_19
D:5:      layout_cave_pools, kennysheep_little_box, kiku_gazebo_pond_becter,
          enter_ossuary_2, uniq_duvessa

Skill      XL: |  1  2  3  4  5  6 |
---------------+-------------------+-----
Fighting       | 4 |  4.9
Maces & Flails | 3 |  3.9
Armour         | 4 5 |  5.0
Shields        | 4 5 |  5.0

Action                     |  1- 3 |  4- 6 || total
---------------------------+-------+-------++-------
  Melee: Flail             |   114 |   173 ||   287
    Use: Scroll            |       |    14 ||    14
 Armour: Scale mail        |    72 |   134 ||   206
  Dodge: Dodged            |    60 |    71 ||   131
  Block: Buckler           |    39 |   120 ||   159
         Reflection        |       |     1 ||     1

Table legend: (Time is in decaauts)
 A = Elapsed time spent in this place.
 B = Non-inter-level travel time spent in this place.
 C = Inter-level travel time spent in this place.
 D = Time resting spent in this place.
 E = Time spent auto-exploring this place.
 F = Levels seen in this place.
 G = Mean time per level.
                   A        B        C        D        E       F      G
               +--------+--------+--------+--------+--------+-----+--------+
         Total |   3394 |   3229 |    165 |    179 |   2309 |   5 |  678.8 |
       Dungeon |   3394 |   3229 |    165 |    179 |   2309 |   5 |  678.8 |
               +--------+--------+--------+--------+--------+-----+--------+

Top non-repeatable levels by time:
     D:2: 899 daAuts
     D:4: 871 daAuts
     D:3: 854 daAuts
     D:1: 739 daAuts
     D:5: 30 daAuts
